 Dungeon Crawl Stone Soup version 0.28-a0-199-g298df9dbad (webtiles) character file.

Game seed: 10366155069216630496

9 willcat the Sneak (level 2, 0/19 HPs)
             Began as a Kobold Delver on Aug 19, 2021.
             Slain by a black bear (9 damage)
             ... on level 5 of the Dungeon.
             The game lasted 00:00:14 (40 turns).

willcat the Sneak (Kobold Delver)                     Turns: 40, Time: 00:00:14

Health: 0/19       AC:  3    Str:  9    XL:     2   Next: 20%
Magic:  2/2        EV: 14    Int: 11    God:
Gold:   0          SH:  0    Dex: 16    Spells: 1/1 levels left

rFire   . . .      SeeInvis .   a - +0 short sword
rCold   . . .      Faith    .   (shield restricted)
rNeg    . . .      Spirit   .   b - +0 leather armour
rPois   .          Reflect  .   (no helmet)
rElec   .          Harm     .   (no cloak)
rCorr   .          Rampage  .   (no gloves)
Will    .....                   (no boots)
Stlth   ++++......              (no amulet)
HPRegen 0.06/turn               (no ring)
MPRegen 0.08/turn               (no ring)

@: no status effects
A: small, no large weapons, nightstalker 3
a: no special abilities


You were on level 5 of the Dungeon.
You visited 1 branch of the dungeon, and saw 1 of its levels.

Inventory:

Hand Weapons
 a - a +0 short sword (weapon)
Armour
 b - a +0 leather armour (worn)
Wands
 g - a wand of digging (3)
Scrolls
 c - a scroll of fog
 d - a scroll of magic mapping
 e - a scroll of fear
 h - a scroll of brand weapon {unknown}
Potions
 f - a potion of haste


   Skills:
 - Level 3.2 Fighting
 + Level 3.1 Short Blades
 + Level 2.8 Dodging
 + Level 6.8 Stealth


You had one spell level left.
You didn't know any spells.
Your spell library was empty.

Dungeon Overview and Level Annotations

Branches:
Dungeon (5/15)
 Temple: D:4-7

Altars:


Innate Abilities, Weirdness & Mutations

You are small and have problems with some larger weapons.
You are completely attuned to the shadows.


Message History

The adder barely misses you.
You hit the adder.
The adder is almost dead.
The adder closely misses you. x2
You hit the adder.
You kill the adder!
Your Short Blades skill increases to level 3!
You have reached level 2!
A black bear comes into view.
The helpless black bear fails to defend itself.
You impale the black bear!!
The black bear is almost dead.
The black bear goes berserk!
Unknown command.
You closely miss the black bear.
The black bear is almost dead.
The black bear barely misses you. The black bear claws you.
The black bear claws you but does no damage.
The black bear closely misses you.
The black bear claws you but does no damage. x2
Unknown command.
You barely miss the black bear.
The black bear is almost dead.
The black bear misses you. The black bear completely misses you.
The black bear misses you.
Unknown command.
You hit the black bear but do no damage.
The black bear is almost dead.
The black bear barely misses you. The black bear misses you. x2
Unknown command.
You hit the black bear.
The black bear is almost dead.
The black bear bites you but does no damage.
The black bear claws you. The black bear closely misses you. x2
The black bear claws you. The black bear barely misses you.
Unknown command.
You hit the black bear.
The black bear is almost dead.
The black bear bites you!
You die...

#########
.....h..#
....@....
........#
####.####
#.)..###
#......#
#...##...
#........
#......#.
##....###


You could see a black bear (berserk).

Vanquished Creatures
  An adder (D:5)
1 creature vanquished.

Notes
Turn   | Place    | Note
-------+----------+-------------------------------------------
     0 | D:5      | willcat the Kobold Delver began the quest for the Orb.
     0 | D:5      | Reached XP level 1. HP: 14/14 MP: 1/1
    28 | D:5      | Reached XP level 2. HP: 19/19 MP: 2/2
    31 | D:5      | Noticed a black bear
    40 | D:5      | Slain by a black bear

Illustrated notes

Levels and vault maps discovered:
D:5:      layout_rooms, minmay_temple_entry_poolview,
          ebering_ghost_reflecting_pool

Skill      XL: |  1 |
---------------+----+-----
Short Blades   | 3 |  3.1
Fighting       | |  3.2
Dodging        | |  2.8
Stealth        | |  6.8

Action                   || total
-------------------------++-------
Melee: Short sword       ||    13
 Stab: Sleeping          ||     1
Armor: Leather armour    ||     4
Dodge: Dodged            ||    19

Table legend: (Time is in decaauts)
 A = Elapsed time spent in this place.
 B = Non-inter-level travel time spent in this place.
 C = Inter-level travel time spent in this place.
 D = Time resting spent in this place.
 E = Time spent auto-exploring this place.
 F = Levels seen in this place.
 G = Mean time per level.
                   A        B        C        D        E       F      G
               +--------+--------+--------+--------+--------+-----+--------+
         Total |     39 |     39 |      0 |      0 |      8 |   1 |   39.0 |
       Dungeon |     39 |     39 |      0 |      0 |      8 |   1 |   39.0 |
               +--------+--------+--------+--------+--------+-----+--------+

Top non-repeatable levels by time:
     D:5: 39 daAuts
